Map: Orbital Shipyard

Players

Vessago

  • Race: Terran Terran

Puppytherapy - Winner!

  • Race: Protoss Protoss

VOD

Have the link to the VOD?

Description

Time

  • Played on: May 1, 2015, 12:54 p.m.
  • Length: 13:00
Show
View Real Time Build Order
Export as new Build Order

Vessago Terran 

Build Orders: MMM Bio 

Get SALT Encoding   

  12  0:01  SCV  
  13  0:13  SCV  
  14  0:22  Supply Depot  
  14  0:25  SCV  
  15  0:37  Refinery  
  15  0:43  SCV  
  15  0:44  Barracks  
  16  0:55  SCV  
  17  1:07  SCV  
  18  1:19  SCV  
  19  1:32  SCV, Supply Depot  
  20  1:39  Barracks Reactor  
  20  1:40  Supply Depot  
  20  1:44  Orbital Command  
  20  1:54  Refinery  
  20  2:09  Factory  
  20  2:10  SCV  
  21  2:19  Marine x2  
  22  2:23  SCV  
  23  2:35  SCV  
  24  2:38  Marine  
  24  2:40  Marine  
  24  2:42  Command Center  
  26  2:47  Supply Depot  
  26  2:49  SCV  
  27  3:00  Starport  
  27  3:12  Barracks Tech Lab, Widow Mine x2  
  30  3:14  SCV  
  31  3:25  Barracks  
  31  3:39  SCV  
  31  3:40  Widow Mine x2  
  36  3:45  Medivac  
  36  3:47  Marauder  
  40  3:48  Stimpack  
  40  3:52  SCV  
  41  3:58  Orbital Command  
  41  4:04  SCV  
  42  4:14  Barracks  
  40  4:23  Marine  
  36  4:28  Marine  
  33  4:38  Widow Mine x2  
  31  4:41  Marine  
  31  4:53  Engineering Bay, Marine  
  31  4:59  Marine  
  32  5:08  SCV  
  32  5:13  Widow Mine  
  35  5:21  SCV x2  
  37  5:33  SCV  
  37  5:34  SCV  
  39  5:45  SCV  
  39  5:47  Barracks Tech Lab  
  39  5:49  SCV  
  41  5:50  Barracks Reactor  
  41  5:51  Combat Shields  
  41  5:52  Starport Reactor  
  41  5:53  Widow Mine  
  41  5:54  Widow Mine  
  45  6:02  Marine  
  40  6:09  SCV x2  
  42  6:19  Marine  
  42  6:20  Factory  
  42  6:21  SCV  
  44  6:28  SCV  
  44  6:29  Command Center  
  44  6:31  Marine  
  46  6:33  SCV  
  46  6:37  Marine  
  46  6:40  SCV  
  46  6:45  SCV  
  48  6:48  Marine  
  48  6:52  SCV, Refinery  
  50  6:54  Refinery  
  50  6:55  Marine  
  50  6:57  SCV  
  50  6:59  Concussive Shells  
  52  7:04  SCV  
  52  7:06  Marine  
  52  7:07  Factory Tech Lab  
  54  7:14  SCV, Marauder  
  57  7:16  SCV  
  57  7:21  Missile Turret  
  58  7:24  Missile Turret  
  58  7:25  Marauder  
  58  7:26  SCV  
  58  7:28  SCV  
  62  7:39  Armory  
  62  7:40  Marine x2  
  62  7:41  SCV, Marine  
  62  7:42  Supply Depot  
  62  7:43  SCV  
  67  7:45  Marine  
  67  7:49  Orbital Command  
  68  7:57  SCV x2  
  70  7:58  Marine  
  70  8:01  Medivac  
  70  8:03  Missile Turret  
  70  8:04  Medivac, Marauder  
  77  8:09  SCV  
  78  8:15  Cyclone  
  78  8:16  SCV  
  78  8:17  SCV, Marauder  
  85  8:24  Missile Turret  
  85  8:38  Supply Depot  
  85  8:39  Supply Depot  
  85  8:42  Terran Infantry Weapons Level 1, Terran Vehicle and Ship Weapons Level 1  
  85  8:43  Supply Depot  
  85  8:44  Engineering Bay  
  85  8:58  Supply Depot  
  85  9:00  SCV x2, Cyclone, Medivac, Marine x3  
  85  9:01  Marauder  
  97  9:12  SCV  
  97  9:15  Orbital Command  
  98  9:18  Marine x2, Marauder  
  98  9:20  Barracks  
  98  9:21  Barracks  
  98  9:22  SCV  
  98  9:23  Marine  
  104  9:24  SCV  
  104  9:30  Widow Mine x2  
  109  9:34  SCV  
  109  9:36  Cyclone, Marine x2  
  109  9:38  Terran Infantry Armor Level 1  
  115  9:41  SCV x2  
  117  9:57  SCV x2  
  117  9:59  Widow Mine  
  117  10:00  SCV  
  116  10:09  SCV  
  117  10:17  Starport  
  117  10:19  Barracks Reactor  
  117  10:21  Supply Depot  
  117  10:23  Barracks Tech Lab  
  117  10:25  Supply Depot  
  117  10:26  Supply Depot  
  117  10:27  Supply Depot  
  117  10:28  Supply Depot  
  117  10:43  SCV x2, Viking, Supply Depot, Marauder x2  
  117  10:44  Supply Depot  
  117  10:45  Supply Depot  
  117  10:46  Supply Depot x2  
  117  10:47  SCV, Supply Depot, Marine  
  123  10:55  SCV x2  
  122  10:58  Marine x4  
  122  11:02  Starport Reactor  
  117  11:04  Marine x3  
  117  11:06  Supply Depot  
  117  11:07  Supply Depot  
  117  11:14  Viking x2  
  117  11:16  Marine x4  
  117  11:18  Refinery  
  125  11:19  SCV, Refinery  
  125  11:20  SCV x2  
  125  11:22  Marine x3  
  120  11:31  SCV  
  120  11:32  SCV x2  
  123  11:33  Marine  
  123  11:34  Marine x3  
  125  11:40  Marine  
  125  11:44  Viking x2  
  128  11:59  Viking x2  
  128  12:01  Marauder x2, Marine  
  137  12:09  Marauder  
  137  12:11  SCV x3  
  137  12:13  Supply Depot  
  137  12:14  Viking x2  
  146  12:16  Marine x3  
  146  12:19  Marine  
  150  12:26  Barracks  
  150  12:29  Viking x2  
  154  12:36  Marine  
Show
View Real Time Build Order
Export as new Build Order

Puppytherapy Protoss - Winner!

Build Orders: Oracle Opening, Oracle Opening 

Get SALT Encoding   

  12  0:01  Probe  
  13  0:13  Pylon  
  13  0:18  Probe  
  14  0:33  Gateway, Probe (Chrono Boost)  
  15  0:45  Probe (Chrono Boost)  
  15  0:46  Assimilator  
  16  0:50  Assimilator  
  16  0:53  Probe (Chrono Boost)  
  17  1:02  Probe (Chrono Boost)  
  18  1:14  Probe (Chrono Boost)  
  19  1:20  Cybernetics Core  
  19  1:21  Probe (Chrono Boost)  
  22  1:37  Probe  
  22  1:39  Pylon  
  21  1:49  Probe (Chrono Boost)  
  24  2:02  Mothership Core (Chrono Boost), Warp Gate  
  24  2:05  Adept  
  26  2:13  Pylon  
  27  2:16  Probe (Chrono Boost)  
  27  2:28  Stargate  
  27  2:30  Probe  
  28  2:37  Stalker  
  28  2:42  Probe  
  31  2:54  Probe (Chrono Boost)  
  32  3:01  Nexus  
  32  3:03  Pylon  
  33  3:06  Probe (Chrono Boost)  
  33  3:14  Oracle (Chrono Boost)  
  36  3:32  Robotics Facility  
  36  3:39  Probe (Chrono Boost)  
  37  3:43  Oracle  
  40  3:51  Probe (Chrono Boost)  
  40  3:55  Gateway  
  41  4:01  Probe (Chrono Boost)  
  42  4:08  Probe  
  43  4:31  Probe x2  
  43  4:33  Stalker, Observer (Chrono Boost)  
  43  4:35  Void Ray  
  49  4:54  Probe x2  
  48  5:01  Stalker  
  48  5:06  Probe, Assimilator  
  48  5:07  Probe, Pylon  
  52  5:11  Stalker, Assimilator  
  54  5:19  Probe x2 (Chrono Boost), Forge  
  56  5:21  Forge  
  56  5:31  Probe (Chrono Boost)  
  56  5:32  Stalker  
  56  5:34  Stalker  
  62  5:37  Probe (Chrono Boost), Observer (Chrono Boost)  
  62  5:40  Probe (Chrono Boost)  
  64  5:44  Probe (Chrono Boost)  
  64  5:48  Probe  
  66  5:52  Protoss Ground Weapons Level 1 (Chrono Boost)  
  66  5:55  Probe  
  67  6:00  Probe  
  68  6:11  Pylon  
  68  6:15  Protoss Ground Armor Level 1 (Chrono Boost)  
  68  6:18  Robotics Bay  
  68  6:19  Photon Cannon  
  68  6:20  Photon Cannon  
  68  6:22  Photon Cannon x2  
  68  6:29  Probe  
  69  6:33  Probe  
  70  6:41  Probe  
  70  6:43  Twilight Council  
  70  6:45  Probe  
  70  6:46  Warp Prism  
  74  7:00  Nexus  
  74  7:01  Probe  
  75  7:07  Pylon  
  75  7:14  Pylon, Protoss Ground Weapons Level 2 (Chrono Boost)  
  75  7:19  Pylon  
  75  7:24  Colossus (Chrono Boost)  
  81  7:33  Gateway  
  81  7:35  Gateway  
  81  7:38  Gateway  
  81  7:42  Gateway  
  81  7:45  Probe x2  
  83  7:57  Probe x2  
  83  7:58  Extended Thermal Lance  
  85  8:01  Zealot x2  
  85  8:10  Probe x2 (Chrono Boost)  
  85  8:12  Probe (Chrono Boost)  
  88  8:18  Protoss Ground Armor Level 2 (Chrono Boost)  
  90  8:20  Probe (Chrono Boost), Pylon  
  90  8:21  Probe (Chrono Boost), Colossus (Chrono Boost)  
  96  8:34  Charge (Chrono Boost)  
  96  8:42  Probe x2  
  96  8:44  Assimilator  
  96  8:45  Pylon  
  97  8:49  Assimilator  
  97  8:52  Gateway  
  97  8:54  Gateway  
  97  8:58  Gateway  
  97  9:02  Pylon  
  95  9:04  Photon Cannon  
  95  9:13  Templar Archives  
  95  9:15  Colossus (Chrono Boost)  
  101  9:20  Zealot  
  101  9:21  Zealot x4  
  111  9:27  Probe  
  111  9:29  Probe x2  
  114  9:41  Zealot x6  
  124  10:11  Psionic Storm  
  124  10:12  Colossus (Chrono Boost)  
  130  10:14  High Templar x3  
  130  10:15  High Templar  
  130  10:20  Pylon  
  130  10:21  Pylon  
  138  10:23  Pylon  
  138  10:25  Pylon, Blink  
  138  10:27  Protoss Ground Weapons Level 3 (Chrono Boost)  
  138  10:32  Archon x2  
  135  10:43  Probe x2  
  129  11:01  Zealot x3  
  129  11:02  Zealot x6  
  147  11:12  Photon Cannon  
  147  11:15  Photon Cannon  
  147  11:17  Photon Cannon  
  151  11:24  Disruptor (Chrono Boost)  
  151  11:28  High Templar x2  
  151  11:29  Zealot x2, High Templar  
  151  11:30  Zealot x4  
  169  11:42  Pylon  
  169  11:58  Nexus  
  169  12:00  Pylon  
  169  12:02  Disruptor, Pylon  
  169  12:04  High Templar  
  169  12:05  High Templar  
  169  12:06  Pylon, High Templar x2  
  177  12:09  Pylon x2  
  177  12:11  Pylon  
  177  12:13  Pylon  
  177  12:24  Zealot x4  
  177  12:25  Zealot  
  165  12:47  Zealot x2  
  165  12:48  Zealot x4  
  165  12:49  Zealot x3  
  153  12:55  Archon  
Tags
 
Add a new tag
Caveats
  • Supply blocks, unpowered buildings, or Contaminate may cause inaccurate times.
  • Supply counts are checked every 10 seconds.